Map: Bridgehead LE (Void)

Players

SticklerMac - Winner!

  • Race: Zerg Zerg
  • League: Silver

Khab

  • Race: Terran Terran
  • League: Silver

VOD

Have the link to the VOD?

Description

Time

  • Played on: Sept. 19, 2015, 5:41 p.m.
  • Length: 5:02
Show
View Real Time Build Order
Export as new Build Order

SticklerMac Zerg - Winner!

Build Orders: Hatch First, Zergling Baneling 

Get SALT Encoding   

  12  0:00  Drone  
  13  0:09  Drone  
  14  0:17  Overlord  
  14  0:36  Drone x2  
  14  0:37  Drone  
  17  0:55  Hatchery  
  16  0:58  Drone  
  16  1:02  Drone  
  18  1:09  Drone  
  19  1:14  Extractor  
  18  1:19  Drone  
  19  1:34  Drone  
  20  1:45  Drone  
  21  1:47  Spawning Pool  
  19  1:54  Drone  
  19  2:00  Hatchery  
  19  2:02  Drone  
  19  2:07  Drone  
  21  2:13  Drone  
  21  2:18  Drone  
  22  2:25  Drone  
  22  2:28  Drone  
  24  2:34  Overlord  
  24  2:36  Queen  
  26  2:40  Queen  
  28  2:46  Overlord  
  28  2:56  Overlord  
  28  3:04  Zergling x2  
  28  3:05  Zergling x2  
  30  3:06  Zergling x2  
  30  3:12  Zergling x4  
  33  3:22  Zergling x4  
  33  3:26  Zergling x4  
  37  3:28  Baneling Nest, Queen  
  37  3:33  Metabolic Boost  
  39  3:34  Zergling x4  
  40  3:43  Zergling x2  
  40  3:44  Zergling x2  
  40  3:46  Zergling x2  
  43  3:48  Zergling x2  
  43  3:52  Zergling x4  
  43  3:54  Zergling x2  
  47  4:02  Zergling x6  
  49  4:07  Overlord  
  49  4:14  Baneling x2  
  49  4:15  Baneling x6  
  49  4:18  Baneling x2  
  49  4:21  Baneling  
  49  4:24  Overlord  
  49  4:31  Zergling x2  
  49  4:32  Zergling x4  
  52  4:40  Zergling x6  
  52  4:42  Zergling x2  
Show
View Real Time Build Order
Export as new Build Order

Khab Terran 

Build Orders:  

Get SALT Encoding   

  12  0:01  SCV  
  13  0:13  SCV  
  14  0:18  Supply Depot  
  14  0:25  SCV  
  15  0:41  Refinery  
  15  0:44  Barracks  
  15  0:48  SCV  
  16  1:02  SCV  
  17  1:17  SCV  
  18  1:30  SCV  
  19  1:40  Marine  
  19  1:45  Orbital Command  
  20  1:57  Command Center  
  20  2:03  Marine  
  21  2:15  SCV  
  22  2:29  SCV  
  23  2:48  Factory  
  23  2:59  Command Center  
  23  3:01  Supply Depot  
  23  3:07  Barracks Reactor, Bunker  
  23  3:09  SCV  
  23  3:11  Orbital Command  
  24  3:24  SCV  
  25  3:38  SCV  
  25  3:39  SCV  
  27  3:42  Refinery  
  27  3:44  Refinery  
  27  3:51  SCV x2  
  27  3:54  Hellion x2  
  33  3:55  Marine  
  33  4:00  Factory  
  34  4:07  SCV x2  
  36  4:17  Hellion x2  
  36  4:19  Starport  
  36  4:20  Barracks Tech Lab  
  36  4:22  SCV x2  
  36  4:23  Orbital Command  
Tags
 
Add a new tag
Caveats
  • Supply blocks, unpowered buildings, or Contaminate may cause inaccurate times.
  • Supply counts are checked every 10 seconds.